 Dungeon Crawl Stone Soup version 0.29-a0-231-g945431f764 (webtiles) character file.

Game seed: 18081772336653106918

7378 Aksej the Fighter (level 10, -14/121 (123) HPs)
             Began as a Demonspawn Monk on Feb 28, 2022.
             Was a High Priest of Vehumet.
             Demolished by Gastronok (31 damage)
             ... on level 8 of the Dungeon.
             The game lasted 00:55:58 (12658 turns).

Aksej the Fighter (Demonspawn Monk)                Turns: 12658, Time: 00:55:58

HP:   -14/121 (123) AC:  5    Str: 18    XL:     10   Next: 92%
MP:   6/18          EV: 14    Int: 14    God:    Vehumet [*****.]
Gold: 475           SH:  5    Dex: 18    Spells: 7/20 levels left

rFire   . . .      SeeInvis .   a - +2 whip (venom)
rCold   . . .      Faith    .   (no shield)
rNeg    + . .      Spirit   .   y - +1 troll leather armour
rPois   .          Reflect  +   (helmet restricted)
rElec   .          Harm     .   (no cloak)
rCorr   .          Rampage  .   (no gloves)
Will    .....                   (no boots)
Stlth   ..........              f - amulet of reflection
HPRegen 1.10/turn               l - ring of Rebits {rN+ Str+7}
MPRegen 0.32/turn               j - ring of wizardry

@: berserking, slowed, lightly drained
A: hooves 1, magic regeneration, demonic magic 2, fangs 1, horns 1
a: Renounce Religion


You were on level 8 of the Dungeon.
You worshipped Vehumet.
Vehumet was extremely pleased with you.
You visited 1 branch of the dungeon, and saw 9 of its levels.
You also visited: Sewer and Ossuary.

You collected 665 gold pieces.
You spent 190 gold pieces at shops.

Inventory:

Hand Weapons
 a - a +2 whip of venom (weapon)
Missiles
 b - a throwing net
 n - 9 boomerangs (quivered)
Armour
 y - a +1 troll leather armour (worn)
 A - a +0 cloak
Jewellery
 f - an amulet of reflection (around neck)
 h - a +6 ring of dexterity
 j - a ring of wizardry (right hand)
 l - the ring of Rebits (left hand) {rN+ Str+7}
   (You acquired it on level 5 of the Dungeon)

   [ring of positive energy]

   Str:       It affects your strength (+7).
   rN:        It protects you from negative energy.
 m - a +4 ring of protection
Wands
 g - a wand of mindburst (11)
 o - a wand of flame (19)
 r - a wand of iceblast (17)
 v - a wand of paralysis (10)
 w - a wand of polymorph (18)
Scrolls
 c - a scroll of teleportation
 i - a scroll of immolation
 k - a scroll of blinking
 x - a scroll of brand weapon {unknown}
Potions
 d - a potion of berserk rage
 e - 2 potions of haste
 p - a potion of resistance
 q - a potion of mutation
 s - a potion of attraction
 t - a potion of lignification
 u - 7 potions of curing
 z - 2 potions of flight {unknown}
 B - a potion of brilliance {unknown}


   Skills:
 * Level 8.4 Fighting
 + Level 5.8 Maces & Flails
 + Level 0.1 Throwing
 + Level 1.4 Armour
 + Level 5.5 Dodging
 + Level 7.8 Stealth
 + Level 1.5 Shields
 + Level 5.8 Spellcasting
 + Level 4.7 Conjurations
 + Level 4.0 Fire Magic
 + Level 2.2 Air Magic


You had 7 spell levels left.
You knew the following spells:

 Your Spells              Type           Power      Damage    Failure   Level
a - Foxfire               Conj/Fire      64%        2x1d7     1%          1
b - Scorch                Fire           30%        2d7       1%          2
c - Static Discharge      Conj/Air       13%        N/A       1%          2
d - Airstrike             Air            5%         N/A       9%          4
e - Flame Wave            Conj/Fire      16%        2d6       4%          4

Your spell library contained the following spells:

 Spells                   Type           Power      Damage    Failure   Level
 Sandblast                Erth           8%         2d5       2%          1
 Stone Arrow              Conj/Erth      20%        3d8       2%          3
 Slow                     Hex            16%        N/A       8%          1
 Summon Small Mammal      Summ           16%        N/A       8%          1
 Passwall                 Tmut/Erth      3%         N/A       12%         2
 Lightning Bolt           Conj/Air       6%         1d18      13%         5
 Call Canine Familiar     Summ           4%         N/A       22%         3
 Confusing Touch          Hex            4%         N/A       22%         3
 Summon Guardian Golem    Hex/Summ       4%         N/A       22%         3
 Vampiric Draining        Necr           4%         2d6       22%         3
 Conjure Ball Lightning   Conj/Air       6%         3x3d6     52%         6
 Passage of Golubria      Tloc           4%         N/A       56%         4
 Silence                  Hex/Air        3%         N/A       77%         5
 Orb of Destruction       Conj           8%         9d6       86%         7
 Spellforged Servitor     Conj/Summ      5%         N/A       98%         7
 Discord                  Hex            2%         N/A       100%        8
 Disjunction              Tloc           2%         N/A       100%        8
 Lehudib's Crystal Spear  Conj/Erth      5%         10d3      100%        8
 Maxwell's Capacitive Co  Air            5%         ∞         100%        8


Dungeon Overview and Level Annotations

Branches:
Dungeon (9/15)             Temple (0/1) D:6            Lair (0/6) D:8
  Sewer (visited)         Ossuary (visited)
    Orc: D:9-12

Altars:
Cheibriados
Gozag
Makhleb
Vehumet
Wu Jian
Xom

Shops:
D:1 ?   D:5 [

Annotations:
D:7 Amaemon
D:8 Gastronok


Innate Abilities, Weirdness & Mutations

You have large cloven feet.
You regenerate magic rapidly.
Spells you cast may paralyse nearby enemies.
You have very sharp teeth.
You have a pair of small horns on your head.


Message History

You are struck by an arc of lightning.
The lightning grounds out.
Malevolent energies surge around you. Gastronok casts a spell at you.
You feel as though you will be slow longer.
Casting: Static Discharge (safe; 1% risk of failure)
Confirm with . or Enter, or press ? or * to list all spells.
Gastronok is struck by an arc of lightning.
Gastronok is lightly wounded.
You are struck by an arc of lightning.
The lightning grounds out.
Malevolent energies surge around you. Gastronok bites you but does no damage.
Casting: Static Discharge (safe; 1% risk of failure)
Confirm with . or Enter, or press ? or * to list all spells.
Gastronok is struck by an arc of lightning.
Gastronok is moderately wounded.
You are struck by an arc of lightning.
The lightning grounds out.
Malevolent energies surge around you.
Casting: Static Discharge (safe; 1% risk of failure)
Confirm with . or Enter, or press ? or * to list all spells.
Gastronok is struck by an arc of lightning!
Gastronok is moderately wounded.
You are struck by an arc of lightning.
The lightning grounds out.
Malevolent energies surge around you. Gastronok bites you but does no damage.
Casting: Static Discharge (safe; 1% risk of failure)
Confirm with . or Enter, or press ? or * to list all spells.
Gastronok is struck by an arc of lightning.
Gastronok is moderately wounded.
You are struck by an arc of lightning.
The lightning grounds out.
Malevolent energies surge around you. Gastronok bites you!!!
* * * LOW HITPOINT WARNING * * *
A red film seems to cover your vision as you go berserk!
You feel yourself moving faster!
You feel mighty! Gastronok barely misses you.
You hit Gastronok. You kick Gastronok!
Gastronok is moderately wounded.
You whack Gastronok!
Gastronok looks as sick as possible!
Gastronok is heavily wounded.
You whack Gastronok!
Gastronok looks as sick as possible!
You headbutt Gastronok!
Gastronok is severely wounded.
Gastronok bites you!!
You die...

.#.......#
#........#
##.......#
#........#
[........#
.........##
..........##
...........########
............<...@.#
...........######w#
....###...## .#
.#..####### .#
....†...# .###
.#..###)# ...#
....# #.# ##.#
....# #.########
#.# #...#
#........####.##


You could see Gastronok (extremely poisoned).

Vanquished Creatures
  A two-headed ogre (D:8)
  Maurice (D:8)
  An orange demon (D:8)
  A troll (D:7)
  3 wyverns
  Sigmund (D:4)
  Eustachio (D:4)
  4 yaks (D:4)
  Grum (D:8)
  Menkaure (D:4)
  3 water moccasins
  A black bear (D:5)
  An orc warrior (D:6)
  A sky beast (D:6)
  2 ice beasts
  The ghost of UngaStrats the Insei, an amateur DgGl (D:4)
  4 wolves
  2 centaurs (D:7)
  An ogre (D:5)
  A phantom (D:4)
  2 elf zombies (Ossuary)
  A kobold brigand (D:5)
  8 bullfrogs
  5 necrophages
  2 scorpions
  5 wights (D:8)
  6 killer bees (D:8)
  2 howler monkeys (D:8)
  5 crimson imps
  A human zombie (Ossuary)
  6 orc priests
  7 hounds
  2 jellies (D:6)
  4 iguanas
  8 orc wizards
  2 mummies (Ossuary)
  5 adders
  7 gnolls
  A white imp (D:6)
  4 worms
  3 dart slugs
  20 orcs
  3 endoplasms
  11 giant cockroaches
  32 goblins
  28 hobgoblins
  2 jackals (D:2)
  20 kobolds
  11 quokkas
  12 ball pythons
  5 bats
  10 frilled lizards
  4 goblin zombies (Ossuary)
  10 hobgoblin zombies (Ossuary)
  A jackal zombie (Ossuary)
  7 kobold zombies (Ossuary)
  9 orc zombies (Ossuary)
  6 rats
  2 rat zombies (Ossuary)
  5 foxfires
316 creatures vanquished.

Vanquished Creatures (collateral kills)
  A foxfire (D:8)
1 creature vanquished.

Vanquished Creatures (others)
  490 foxfires
  27 plants
517 creatures vanquished.

Grand Total: 834 creatures vanquished

Notes
Turn   | Place    | Note
-------+----------+-------------------------------------------
     0 | D:1      | Aksej the Demonspawn Monk began the quest for the Orb.
     0 | D:1      | Reached XP level 1. HP: 18/18 MP: 1/1
   343 | D:1      | Gained mutation: Spells you cast may paralyse adjacent
                  | enemies. [demonic ancestry]
   343 | D:1      | Reached XP level 2. HP: 14/24 MP: 2/2
   941 | D:1      | Found Wahef's Magic Scroll Shoppe.
  1738 | D:2      | Gained mutation: You regenerate magic rapidly. [demonic
                  | ancestry]
  1738 | D:2      | Reached XP level 3. HP: 23/29 MP: 3/3
  2740 | D:2      | Gained mutation: Your magical capacity is low. (-10% MP)
                  | [potion of mutation]
  2740 | D:2      | Gained mutation: You are agile. (Dex +2) [potion of
                  | mutation]
  2740 | D:2      | Gained mutation: You expend magic power (3 MP) to
                  | strengthen your wands. [potion of mutation]
  2741 | D:2      | Lost mutation: Your magical capacity is low. (-10% MP)
                  | [potion of mutation]
  2741 | D:2      | Lost mutation: You are agile. (Dex +2) [potion of mutation]
  2741 | D:2      | Gained mutation: You occasionally shout uncontrollably at
                  | your foes. [potion of mutation]
  2741 | D:2      | Gained mutation: Potions are less effective at restoring
                  | your health. [potion of mutation]
  2923 | D:3      | Gained mutation: Spells you cast may paralyse nearby
                  | enemies. [demonic ancestry]
  2923 | D:3      | Reached XP level 4. HP: 34/37 MP: 4/4
  3051 | D:3      | Lost mutation: Potions are less effective at restoring your
                  | health. [potion of mutation]
  3051 | D:3      | Lost mutation: You expend magic power (3 MP) to strengthen
                  | your wands. [potion of mutation]
  3051 | D:3      | Lost mutation: You occasionally shout uncontrollably at
                  | your foes. [potion of mutation]
  3051 | D:3      | Gained mutation: You have a pair of small horns on your
                  | head. [potion of mutation]
  3051 | D:3      | Gained mutation: You have very sharp teeth. [potion of
                  | mutation]
  3730 | D:3      | Found a radiant altar of Vehumet.
  3730 | D:3      | Found a burning altar of Makhleb.
  3774 | D:3      | Reached skill level 4 in Fighting
  3921 | D:3      | Became a worshipper of Vehumet
  3921 | D:3      | Reached * piety under Vehumet
  3921 | D:3      | Offered knowledge of Foxfire by Vehumet.
  3921 | D:3      | Reached ** piety under Vehumet
  3924 | D:3      | Learned a level 1 spell: Foxfire
  3957 | D:4      | Noticed a phantom
  3979 | D:3      | Reached XP level 5. HP: 37/42 MP: 5/5
  4226 | D:4      | Found an opulent altar of Gozag.
  4252 | D:4      | Found a shimmering altar of Xom.
  4275 | D:4      | Offered knowledge of Scorch by Vehumet.
  4276 | D:4      | Reached skill level 1 in Shields
  4283 | D:4      | Learned a level 2 spell: Scorch
  4569 | D:4      | Killed a phantom
  4570 | D:4      | Gained mutation: You have large cloven feet. [demonic
                  | ancestry]
  4570 | D:4      | Reached XP level 6. HP: 6/49 MP: 6/6
  4840 | D:4      | Learned a level 2 spell: Static Discharge
  4845 | D:4      | Found a transporter.
  5010 | D:4      | Noticed Menkaure
  5028 | D:4      | Killed Menkaure
  5029 | D:4      | Reached skill level 1 in Spellcasting
  5029 | D:4      | Reached skill level 1 in Conjurations
  5029 | D:4      | Reached XP level 7. HP: 35/55 MP: 2/8
  5188 | D:4      | Found a transporter.
  5188 | D:4      | Noticed UngaStrats's ghost (amateur DgGl)
  5207 | D:4      | Noticed a yak
  5212 | D:4      | Noticed a yak
  5234 | D:4      | Killed a yak
  5235 | D:4      | Reached skill level 5 in Fighting
  5235 | D:4      | Reached skill level 1 in Fire Magic
  5246 | D:4      | Killed a yak
  5487 | D:4      | Noticed Eustachio
  5501 | D:4      | Killed Eustachio
  5502 | D:4      | Reached XP level 8. HP: 54/62 MP: 1/11
  5558 | D:4      | Found a snail-covered altar of Cheibriados.
  5767 | D:4      | Noticed Sigmund
  5774 | D:4      | Killed Sigmund
  5987 | D:4      | Offered knowledge of Mephitic Cloud by Vehumet.
  6099 | D:4      | Reached *** piety under Vehumet
  6256 | D:4      | Offered knowledge of Airstrike by Vehumet.
  6379 | D:4      | Reached skill level 1 in Air Magic
  6451 | D:4      | Reached skill level 5 in Maces & Flails
  6455 | D:4      | Reached skill level 6 in Fighting
  6460 | D:4      | Learned a level 4 spell: Airstrike
  6734 | D:4      | HP: 2/64 [UngaStrats's ghost (4)]
  6740 | D:4      | Killed UngaStrats's ghost
  6741 | D:4      | Reached skill level 5 in Stealth
  7197 | D:5      | Entered Level 5 of the Dungeon
  7292 | D:5      | Reached **** piety under Vehumet
  7299 | D:5      | Found a glowing drain.
  7303 | Sewer    | Entered a sewer
  7418 | Sewer    | Offered knowledge of Sticky Flame by Vehumet.
  7598 | Sewer    | Reached XP level 9. HP: 69/69 MP: 10/13
  7923 | D:5      | Found Poniubun's Antique Armour Shop.
  7928 | D:5      | Bought a jewelled chain mail for 190 gold pieces
  7928 | D:5      | Identified the +1 chain mail of Yredelemnul, Freezing
                  | {Rampage rF+} (You bought it in a shop on level 5 of the
                  | Dungeon)
  8600 | D:5      | Identified a scroll of acquirement
  8600 | D:5      | Acquired the ring of Rebits {rN+ Str+7}
  8685 | D:6      | Found a sand-covered staircase.
  8693 | Ossuary  | Entered an ossuary
  8758 | Ossuary  | Reached ***** piety under Vehumet
  8758 | Ossuary  | Offered knowledge of Flame Wave by Vehumet.
  8900 | Ossuary  | Reached skill level 5 in Dodging
  9347 | D:6      | Learned a level 4 spell: Flame Wave
  9588 | D:6      | Reached skill level 7 in Fighting
  9760 | D:6      | Found a staircase to the Ecumenical Temple.
 10833 | D:7      | Noticed a troll
 10844 | D:7      | Killed a troll
 10845 | D:7      | Reached XP level 10. HP: 78/79 MP: 16/16
 11288 | D:8      | Noticed Amaemon
 11288 | D:8      | Noticed an orange demon
 11332 | D:8      | Noticed Maurice
 11332 | D:8      | Noticed Grum
 11350 | D:8      | Killed Grum
 11447 | D:8      | Killed Maurice
 11557 | D:8      | Killed an orange demon
 11558 | D:8      | Reached skill level 1 in Armour
 11643 | D:8      | Found a staircase to the Lair.
 11660 | D:8      | Noticed a two-headed ogre
 11671 | D:8      | Killed a two-headed ogre
 11672 | D:8      | Reached skill level 5 in Spellcasting
 11765 | D:8      | Reached skill level 8 in Fighting
 11809 | D:8      | Found an ornate altar of the Wu Jian Council.
 11915 | D:8      | Noticed Gastronok
 12658 | D:8      | Demolished by Gastronok

Illustrated notes

Levels and vault maps discovered:
D:1:      sevenhm_arrival_forest_fort_large_4, layout_basic, serial_shops,
          nicolae_shop_trees, minmay_split_cup_small
D:2:      layout_rooms
D:3:      layout_basic, grunt_temple_overflow_lords_of_destruction,
          minmay_misc_feat_roman, hex_large, serial_bayou_lagoon_a
D:4:      minmay_goblin_kobold_castle, layout_loops_corners,
          mainiacjoe_overflow_surrounded_room, led_xom_imps,
          mainiacjoe_overflow_alcove_2, gammafunk_ghost_arena, uniq_eustachio,
          uniq_sigmund, uniq_menkaure
D:5:      layout_basic, serial_shops, shop, gup_sewer_entry_bowl
D:6:      layout_rooms, minmay_temple_entry_poolview, serial_corexii_hall,
          corexii_hall_statues_deadend, chequers_hall_statues_y,
          nicolae_ossuary_entry_ruins, minmay_misc_feat_more_columns,
          minmay_door_square, minivault_4, grunt_ministairs_11,
          minmay_misc_feat_pillars
D:7:      layout_loops_ring
D:8:      layout_loops_ring, mainiacjoe_overflow_chevrons, lair_entry_dummy,
          uniq_maurice, uniq_amaemon, uniq_gastronok, uniq_grum
D:9:      layout_stronghold, gammafunk_ghost_wrathful_warriors,
          uniq_prince_ribbit1

Skill      XL: |  1  2  3  4  5  6  7  8  9 10 |
---------------+-------------------------------+-----
Maces & Flails | 3 4 5 |  5.8
Stealth        | 2 3 4 5 6 7 |  7.8
Dodging        | 3 4 5 |  5.5
Fighting       | 4 5 6 7 8 |  8.4
Shields        | 1 |  1.5
Spellcasting   | 1 2 4 5 |  5.8
Conjurations   | 1 2 3 4 |  4.7
Fire Magic     | 1 2 3 4 |  4.0
Air Magic      | 1 2 |  2.2
Armour         | 1 |  1.4
Throwing       | |  0.1

Action                   |  1- 3 |  4- 6 |  7- 9 | 10-12 || total
-------------------------+-------+-------+-------+-------++-------
Melee: Mace              |   151 |   152 |   178 |    18 ||   499
       Punch             |     2 |       |     1 |     2 ||     5
       Headbutt          |       |    29 |    40 |    14 ||    83
       Bite              |       |    14 |    19 |     7 ||    40
       Kick              |       |     8 |    63 |    21 ||    92
       Whip              |       |       |       |    39 ||    39
Throw: Boomerang         |       |       |     2 |       ||     2
 Cast: Foxfire           |       |    14 |   206 |    74 ||   294
       Static Discharge  |       |     5 |   135 |    81 ||   221
       Flame Wave        |       |       |     2 |       ||     2
  Use: Scroll            |     3 |     3 |    12 |     3 ||    21
       Potion            |     2 |     7 |     2 |     1 ||    12
 Stab: Sleeping          |     4 |     3 |    19 |     2 ||    28
       Paralysed         |       |     7 |    75 |    38 ||   120
Armor: Robe              |    22 |    20 |    17 |       ||    59
       Troll leather arm |       |       |       |    19 ||    19
Dodge: Dodged            |   104 |    77 |   156 |    51 ||   388
Block: Other             |    20 |    31 |    35 |    13 ||    99
       Reflection        |     3 |     1 |     2 |       ||     6

Table legend: (Time is in decaauts)
 A = Elapsed time spent in this place.
 B = Non-inter-level travel time spent in this place.
 C = Inter-level travel time spent in this place.
 D = Time resting spent in this place.
 E = Time spent auto-exploring this place.
 F = Levels seen in this place.
 G = Mean time per level.
                   A        B        C        D        E       F      G
               +--------+--------+--------+--------+--------+-----+--------+
         Total |  12869 |  12546 |    323 |    140 |  10036 |  11 | 1169.9 |
       Dungeon |  11762 |  11439 |    323 |    140 |   9305 |   9 | 1306.9 |
         Sewer |    581 |    581 |      0 |      0 |    342 |   1 |  581.0 |
       Ossuary |    525 |    525 |      0 |      0 |    388 |   1 |  525.0 |
               +--------+--------+--------+--------+--------+-----+--------+

Top non-repeatable levels by time:
     D:4: 3076 daAuts
     D:1: 1702 daAuts
     D:3: 1423 daAuts
     D:7: 1136 daAuts
     D:2: 1093 daAuts
     D:6: 1061 daAuts
     D:8: 989 daAuts
     D:5: 962 daAuts
   Sewer: 581 daAuts
 Ossuary: 525 daAuts
     D:9: 315 daAuts
